[Event "*** SCC Grand Prix: Titled Tuesday Blitz"]
[Site "Chess.com"]
[Date "2020.07.21"]
[Round "5"]
[White "axvesik"]
[Black "DenLaz"]
[Result "0-1"]
[WhiteElo "2479"]
[BlackElo "2711"]
[TimeControl "180+1"]
[EndTime "10:56:05 PDT"]
[Termination "DenLaz won on time"]

1. e4 e5 2. Nf3 Nc6 3. Bc4 Bc5 4. O-O Nf6 5. d3 d6 6. c3 a6 7. Bb3 h6 8. Nbd2 O-O 9. Re1 Be6 10. Nf1 Re8 11.
h3 Ba7 12. Bc2 d5 13. Qe2 Qd7 14. Ng3 Rad8 15. Kh2 d4 16. Nh4 Ne7 17. Bd2 c5 18. Qf3 Nh7 19. Rad1 Ng5 20. Qh5 f6 21. Bb3 Bxb3 22. axb3 Qe6 23. Nhf5 Nxf5 24. Nxf5 Qf7 25. Qg4 Kh7 26. h4 h5 27. Qg3 Ne6 28. Qf3 g6 29.
Ng3 Bb8 30. c4 Kg7 31. b4 Rh8 32. bxc5 Nxc5 33. b4 Ne6 34. Kg1 Bd6 35. Ra1 Ra8 36. Reb1 b5 37. c5 Be7 38. Ra3 Qe8 39. Rba1 Qc8 40. Qd1 Qc6 41. Qb3 Nc7 42. Ra5 Qe8 43. Nf1 Qf7 44. Qc2 Qe6 45. Bc1 f5 46. exf5 gxf5 47. Bg5 Bxg5 48. hxg5 h4 49. Qe2 Nd5 50. Nh2 Nc3 51. Qf3 h3 52. gxh3 e4 53. dxe4 fxe4 54. Qg4 Qxg4+ 55. hxg4 d3 56. Rxa6 Rxa6 57. Rxa6 d2 58.
Ra7+ Kg6 59. Ra6+ Kxg5 60. f4+ Kxf4 61. Rf6+ Ke5 62. Rf5+ Kd4 0-1

[Event "*** SCC Grand Prix: Titled Tuesday Blitz"]
[Site "Chess.com"]
[Date "2020.07.21"]
[Round "5"]
[White "Quiet_Desperation"]
[Black "bazar-wokzal"]
[Result "1-0"]
[WhiteElo "2242"]
[BlackElo "2425"]
[TimeControl "180+1"]
[EndTime "10:56:06 PDT"]
[Termination "Quiet_Desperation won by resignation"]

1. d4 Nf6 2. Nf3 e6 3. c4 Nc6 4. a3 g6 5. Nc3 Bg7 6. e4 d5 7. e5 Ne4 8. cxd5 exd5 9. Bd3 Bf5 10. O-O O-O 11. Re1 Nxc3 12. bxc3 Bxd3 13. Qxd3 Na5 14. Bg5 Qd7 15. Nd2 b5 16. Reb1 a6 17. Nb3 Nc4 18. Nc5 Qg4 19. Qg3 Qxg3 20. hxg3 f6 21. exf6 Bxf6 22. Bf4 Rf7 23. Re1 Be7 24. Ne6 c6 25. a4 bxa4 26. Rxa4 a5 27. Rb1 Bd6 28.
Bh6 Re7 29. Ng5 Rb8 30. Rxb8+ Bxb8 31. Ra1 Bd6 32. Nf3 Kf7 33. Bf4 Bxf4 34. gxf4 Ra7 35. Ne5+ Nxe5 36. fxe5 g5 37. Kf1 a4 38. Ra3 Ke6 39. g4 Kd7 40. Ke2 Kc7 41. Ke3 Kb6 42. f4 gxf4+ 43. Kxf4 Kb5 44. Kf5 Rf7+ 45. Ke6 Rf4 46.
Kd6 Rxg4 47. e6 Re4 48. e7 h5 49. Kd7 h4 50. e8=Q Rxe8 51. Kxe8 h3 52. Kd7 h2 53.
Ra1 a3 54. Kd6 a2 55. Rh1 Kc4 56. Kxc6 Kxc3 57. Kxd5 Kb2 58. Rxh2+ 1-0

[Event "*** SCC Grand Prix: Titled Tuesday Blitz"]
[Site "Chess.com"]
[Date "2020.07.21"]
[Round "5"]
[White "rynos0411"]
[Black "SiddharthGMJagadeesh"]
[Result "0-1"]
[WhiteElo "2391"]
[BlackElo "2563"]
[TimeControl "180+1"]
[EndTime "10:56:07 PDT"]
[Termination "SiddharthGMJagadeesh won by resignation"]

1. e4 c6 2. d4 d5 3. e5 Bf5 4.
h4 a6 5. Bd3 Bxd3 6. Qxd3 e6 7.
c3 c5 8. Ne2 Nc6 9. Nd2 Rc8 10.
Nf3 cxd4 11. Nexd4 Nxd4 12. cxd4 Ne7 13. h5 h6 14. Bd2 Nc6 15. Qb3 b5 16. O-O Qb6 17. Rac1 Be7 18. Rfd1 O-O 19. Qd3 Na5 20. b3 Ba3 21.
Rxc8 Rxc8 22. g4 Be7 23. g5 hxg5 24. Bxg5 Qd8 25. Bd2 Nc6 26. Kg2 Nb4 27. Qb1 Nc2 28.
Rc1 Na3 29. Qd3 f5 30. exf6 Bxf6 31. Qe2 Qd7 32. Ne5 Bxe5 33. Qxe5 Rxc1 34. Bxc1 Nc2 35. Bd2 Qf7 36. h6 Qg6+ 37. Kf1 Qd3+ 38. Kg1 gxh6 39. Bxh6 Qg6+ 40. Bg5 Nxd4 41. Qxd4 Qxg5+ 42. Kh1 Qh5+ 43.
Kg1 Qg6+ 44. Kh1 Qe4+ 45. Qxe4 dxe4 46. Kh2 Kf7 47. Kg3 e3 48. fxe3 Kf6 49. Kf4 e5+ 50. Ke4 Ke6 51. Kd3 Kd5 52. Kd2 Ke4 53. Ke2 b4 54.
Kd2 Kf3 55. Kd3 Kf2 56. Ke4 Ke2 57. Kxe5 Kxe3 58. Kd5 Kd3 59. Kc5 Kc3 60. Kb6 Kb2 61.
Ka5 Ka3 62. Kxa6 Kxa2 63. Kb5 Kxb3 64. Kc5 Kc3 0-1

[Event "*** SCC Grand Prix: Titled Tuesday Blitz"]
[Site "Chess.com"]
[Date "2020.07.21"]
[Round "5"]
[White "Thipsay"]
[Black "chessfrendz"]
[Result "1-0"]
[WhiteElo "2462"]
[BlackElo "2257"]
[TimeControl "180+1"]
[EndTime "10:56:07 PDT"]
[Termination "Thipsay won on time"]

1. e4 c5 2. Nf3 d6 3. d4 cxd4 4. Nxd4 Nf6 5. Nc3 a6 6. Be2 e5 7. Nb3 Be7 8. O-O O-O 9. Kh1 b5 10. a4 b4 11. Nd5 Nxd5 12. Qxd5 Ra7 13. Be3 Rd7 14. Na5 Qc7 15. c3 bxc3 16. Rac1 Bb7 17. Nxb7 Qxb7 18. Rxc3 Qxb2 19. Qd2 Qxd2 20. Bxd2 d5 21.
exd5 Rxd5 22. Be3 a5 23. Rb1 Bb4 24. Rc7 Rd7 25. Rc2 g6 26. g3 Kg7 27. Bb5 Re7 28.
Rbc1 Nd7 29. Rc7 Nf6 30. Rxe7 Bxe7 31. Rc7 Nd5 32. Ra7 Bb4 33. Bc4 Nxe3 34. fxe3 h5 35. Kg2 Bc5 36. Rxa5 Bxe3 37. Rxe5 Bd4 38. Re7 Kf6 39. Rd7 Bc3 40. Ra7 g5 41. Kf3 Kg6 42. Bd3+ f5 43. a5 g4+ 44. Ke2 Re8+ 45. Kd1 1-0

[Event "*** SCC Grand Prix: Titled Tuesday Blitz"]
[Site "Chess.com"]
[Date "2020.07.21"]
[Round "5"]
[White "FMJoseHerrera"]
[Black "OnePeculiarConundrum"]
[Result "1-0"]
[WhiteElo "2503"]
[BlackElo "2339"]
[TimeControl "180+1"]
[EndTime "10:56:08 PDT"]
[Termination "FMJoseHerrera won by resignation"]

1. Nf3 c5 2. g3 d5 3. Bg2 Nc6 4. O-O Nf6 5. c4 d4 6. d3 g6 7. a3 Bg7 8. b4 cxb4 9. axb4 Nxb4 10. Qa4+ Nc6 11. Ne5 O-O 12. Nxc6 bxc6 13. Qxc6 Rb8 14. Bf4 Bb7 15. Qc7 Bxg2 16. Qxd8 Rfxd8 17. Kxg2 Rb7 18. Na3 Nh5 19. Nb5 Nxf4+ 20. gxf4 Rdd7 21. Kf3 e5 22. Rfb1 exf4 23. c5 Re7 24. c6 Rb8 25. c7 Rc8 26.
Rxa7 Be5 27. Rc1 Kf8 28. Rc5 f6 29. Rb7 Ke8 30. Rb8 Rxb8 31. cxb8=Q+ Bxb8 32. Rc8+ Kf7 33. Rxb8 g5 34. Nxd4 h5 35. h3 Rd7 36. Nb5 Rd5 37.
Rb7+ Kg6 38. d4 Kf5 39. e4+ fxe3 40. fxe3 Kg6 41. e4 Rd8 42. d5 Ra8 43. Na7 Rd8 44.
Nc6 Re8 45. d6 g4+ 46. hxg4 hxg4+ 47. Kf4 g3 48. Kxg3 Rxe4 49. d7 Re3+ 50. Kf2 Rd3 51.
d8=Q Rxd8 52. Nxd8 Kg5 53. Rb5+ Kg4 54. Ne6 f5 55.
Rb4+ Kh5 56. Rb8 Kg6 57. Nf4+ Kg5 58. Kf3 Kf6 59. Rb6+ Ke5 60. Rb5+ Kf6 61. Ne2 Ke6 62. Kf4 Kd6 63. Nd4 Kd7 64. Rb6 Kc7 65. Rc6+ Kd7 66.
Kxf5 Ke7 67. Ke5 Kf7 68. Re6 Kg7 69. Nf5+ Kf7 70. Re7+ Kf8 71. Kf6 Kg8 72. Ra7 Kh8 73. Kg6 1-0

[Event "*** SCC Grand Prix: Titled Tuesday Blitz"]
[Site "Chess.com"]
[Date "2020.07.21"]
[Round "5"]
[White "Aemulus20"]
[Black "DariaVoit"]
[Result "0-1"]
[WhiteElo "2625"]
[BlackElo "2519"]
[TimeControl "180+1"]
[EndTime "10:56:09 PDT"]
[Termination "DariaVoit won on time"]

1. e4 e6 2. d3 d5 3. Nd2 g6 4.
Ngf3 Bg7 5. g3 Ne7 6. Bg2 c5 7.
O-O Nbc6 8. Re1 O-O 9. c3 h6 10. a4 e5 11. exd5 Nxd5 12. Nc4 Re8 13. a5 Bf5 14. Nh4 Be6 15. Qb3 Qc7 16. Qb5 Nce7 17.
Be3 Rac8 18. Nf3 Red8 19. Nfd2 Bd7 20. Qb3 b5 21. axb6 axb6 22. Ne4 Rb8 23. Na3 Be6 24.
Nb5 Qd7 25. Ra7 Nxe3 26. Rxd7 Bxb3 27. Rxd8+ Rxd8 28. Rxe3 Nf5 29. Re1 Rxd3 30. Bf1 Rd1 31. Rxd1 Bxd1 32. Nbd6 Nxd6 33. Nxd6 Bf6 34. Bc4 Kg7 35.
Nxf7 b5 36. Bd5 b4 37. cxb4 cxb4 38. Nd6 Be7 39. Ne8+ Kf8 40. Nc7 Bc2 41. b3 Bd6 42.
Nb5 Bc5 43. Kg2 Ke7 44. Bc4 Kf6 45. f3 Kf5 46. Nc7 e4 47. Nd5 e3 48. f4 Ke4 49.
Kf1 Kd4 50. Ke2 Be4 0-1

[Event "*** SCC Grand Prix: Titled Tuesday Blitz"]
[Site "Chess.com"]
[Date "2020.07.21"]
[Round "5"]
[White "viktorskliarov"]
[Black "Omk124"]
[Result "1-0"]
[WhiteElo "2586"]
[BlackElo "2345"]
[TimeControl "180+1"]
[EndTime "10:56:09 PDT"]
[Termination "viktorskliarov won by checkmate"]

1. e4 g6 2. d4 Bg7 3. Nc3 c6 4.
Bc4 d6 5. Qf3 Nf6 6. e5 dxe5 7.
dxe5 Nd5 8. Nxd5 cxd5 9. Bxd5 O-O 10. Bxb7 Bxb7 11. Qxb7 Nd7 12. Nf3 Nxe5 13. Nxe5 Bxe5 14. O-O Qd6 15. g3 Rfc8 16. c3 a5 17. Qe4 Rab8 18. f4 Bf6 19. f5 Qb6+ 20. Rf2 Qc6 21. Qxc6 Rxc6 22. Bf4 Rb5 23. fxg6 hxg6 24. Rd1 Rcb6 25.
Bc1 a4 26. a3 Re6 27. Kg2 Rbe5 28. Rd8+ Kg7 29. Ra8 Re1 30. Bd2 Rb1 31. Rb8 Be5 32.
Rb5 Bf6 33. Rb4 Rd6 34. Be3 Rd3 35. Bd4 e5 36. Bc5 Rd5 37. Bf8+ Kg8 38. Rxf6 Kxf8 39.
Rb7 Rd2+ 40. Kh3 Rbxb2 41. Rfxf7+ Ke8 42. Rfe7+ Kd8 43. Rxb2 Rxb2 44. Rxe5 Rb3 45. Re6 Rxa3 46. Rxg6 Rxc3 47. Ra6 a3 48. Kg4 Ke7 49. h4 Kf7 50.
h5 Kg7 51. Ra7+ Kh6 52. Ra6+ Kg7 53. Kh4 Rb3 54. g4 Rc3 55. Ra7+ Kh6 56. g5# 1-0

[Event "*** SCC Grand Prix: Titled Tuesday Blitz"]
[Site "Chess.com"]
[Date "2020.07.21"]
[Round "5"]
[White "Ze-Pequeno"]
[Black "Boudicca64"]
[Result "1-0"]
[WhiteElo "2239"]
[BlackElo "1788"]
[TimeControl "180+1"]
[EndTime "10:56:09 PDT"]
[Termination "Ze-Pequeno won on time"]

1. f4 c5 2. Nf3 Nc6 3. g3 g6 4.
Bg2 Bg7 5. O-O e6 6. d3 Nge7 7. e4 O-O 8. c3 d5 9. Qe2 b6 10.
a4 Ba6 11. Rd1 Qc7 12. Na3 dxe4 13. Qxe4 Rad8 14. Nc4 Nd5 15. Bd2 Nf6 16. Qe2 Nd7 17.
Be1 e5 18. f5 Rfe8 19. fxg6 hxg6 20. Bf2 Nf6 21. Ng5 e4 22. Nxe4 Nxe4 23. dxe4 Ne5 24. b3 Nxc4 25. bxc4 Bxc3 26. Rac1 Bd4 27. Qf3 Qe5 28. Re1 Rd7 29. Kh1 Red8 30. Be3 Bxe3 31. Qxe3 Rd3 32. Qf4 Qxf4 33. gxf4 R3d4 34. e5 Bxc4 35.
Kg1 Bd5 36. Bxd5 R8xd5 37. Rf1 Rxa4 38. Rc2 Ra3 39. Kf2 Rd4 40. Ke2 Raa4 41. Ke3 Re4+ 42. Kd3 Rxf4 43. Rxf4 Rxf4 44. e6 Rd4+ 45. Kc3 fxe6 46.
Rf2 Kg7 47. Re2 a5 48. Rf2 a4 49. Rb2 Rb4 50. Re2 a3 51. Rxe6 Rh4 52. Kb3 Rh3+ 53. Ka2 b5 54. Rc6 b4 55. Rxc5 Rxh2+ 56. Kb3 Rb2+ 57. Ka4 a2 58. Rc7+ Kh6 59. Rc1 1-0

[Event "*** SCC Grand Prix: Titled Tuesday Blitz"]
[Site "Chess.com"]
[Date "2020.07.21"]
[Round "5"]
[White "KingCrusher275"]
[Black "Gareth-Bale11"]
[Result "0-1"]
[WhiteElo "2400"]
[BlackElo "2706"]
[TimeControl "180+1"]
[EndTime "10:56:11 PDT"]
[Termination "Gareth-Bale11 won by checkmate"]

1. d4 Nf6 2. c4 e6 3. Nc3 Bb4 4.
Qc2 d5 5. cxd5 exd5 6. Bg5 h6 7. Bh4 g5 8. Bg3 h5 9. e3 Nc6 10. Bd3 h4 11. Be5 Nxe5 12. dxe5 Nd7 13. a3 Bf8 14. Nxd5 c6 15. Nc3 Nxe5 16. O-O-O Nxd3+ 17. Rxd3 Qe7 18. Nge2 Bg7 19. Rhd1 O-O 20. Nd4 Bd7 21. R3d2 Rad8 22. g3 Bg4 23. Nf5 Qf6 24. Rxd8 Rxd8 25. Rxd8+ Qxd8 26. Nxg7 Kxg7 27. Qa4 Be6 28. Qxa7 Kg6 29. gxh4 gxh4 30. Qxb7 Qd3 31. Qxc6 Qf1+ 32. Kc2 Qxf2+ 33. Kb1 Qxe3 34. Qg2+ Kf5 35. Qf1+ Kg5 36. Qg2+ Kf4 37.
Qf1+ Qf3 38. Qc1+ Kg4 39. a4 Kh3 40. a5 Qd3+ 41. Ka1 Qd4 42. a6 Kxh2 43. Qc2+ Kh3 44. Nb5 Qg1+ 45. Qb1 Qb6 46. Qh1+ Kg4 47. Qg2+ Kf4 48.
a7 Qa5+ 49. Kb1 Bf5+ 50. Kc1 Qe1# 0-1

[Event "*** SCC Grand Prix: Titled Tuesday Blitz"]
[Site "Chess.com"]
[Date "2020.07.21"]
[Round "5"]
[White "Borsuk_Konstantin"]
[Black "SanchezKelvin"]
[Result "1-0"]
[WhiteElo "2568"]
[BlackElo "2392"]
[TimeControl "180+1"]
[EndTime "10:56:11 PDT"]
[Termination "Borsuk_Konstantin won by resignation"]

1. d4 Nf6 2. c4 g6 3. Nc3 Bg7 4. e4 d6 5. h3 O-O 6. Bd3 e5 7. d5 Na6 8. g4 Nc5 9. Bc2 c6 10.
b4 Na6 11. a3 Nc7 12. Nge2 a5 13. Be3 axb4 14. axb4 Rxa1 15. Qxa1 Na6 16. Qa3 cxd5 17. cxd5 Nd7 18. Bd3 Qe7 19. Na4 Nc7 20. b5 f5 21.
gxf5 gxf5 22. Nac3 f4 23. Ba7 b6 24. Kd2 f3 25.
Ng3 Bh6+ 26. Kc2 Qg5 27. Rd1 Ne8 28. Nf5 Qf6 29. Na4 Nc5 30. Nxc5 dxc5 31. Nxh6+ Qxh6 32. Bb8 Qh4 33. Bxe5 Qxf2+ 34. Kc3 Qe3 35. Qc1 Qxc1+ 36. Rxc1 Bxh3 37. Rg1+ Kf7 38. Rg3 Bg2 39. Kd2 Ke7 40.
Ke3 h5 41. Rg5 h4 42. Rh5 h3 43. Rh7+ Rf7 44. Rxf7+ Kxf7 45. Bh2 Ke7 46. e5 Kd7 47.
Bf5+ Ke7 48. d6+ Kd8 49. e6 Nxd6 50. Bxd6 h2 51. Bxh2 Ke7 52. Bg3 c4 53. Bh4+ Kd6 54.
e7 1-0

[Event "*** SCC Grand Prix: Titled Tuesday Blitz"]
[Site "Chess.com"]
[Date "2020.07.21"]
[Round "5"]
[White "rugbyclub"]
[Black "UKR_Master"]
[Result "1-0"]
[WhiteElo "2132"]
[BlackElo "2316"]
[TimeControl "180+1"]
[EndTime "10:56:12 PDT"]
[Termination "rugbyclub won by checkmate"]

1. c4 e5 2. Nc3 Nf6 3. Nf3 Nc6 4. e3 d5 5. cxd5 Nxd5 6. Bb5 Nxc3 7. bxc3 Bd6 8. d4 e4 9. Nd2 Qe7 10. O-O O-O 11. f3 Qh4 12. f4 Qe7 13. c4 Nxd4 14. exd4 c6 15. c5 e3 16. cxd6 Qxd6 17.
Nf3 cxb5 18. Bxe3 Re8 19. Qd2 Be6 20. Rfe1 a5 21. Rad1 Bd5 22. Ne5 f6 23. Ng4 b4 24.
Rb1 Qd7 25. Nf2 Qa4 26. Rb2 Rac8 27. Nd3 b6 28. f5 Qb5 29. Nf4 Bf7 30. d5 Rcd8 31. Rd1 Rd6 32. Ne6 Re7 33. Bf4 Rdd7 34. d6 Re8 35. Nc7 Qxf5 36. Nxe8 Bxe8 37. Qd5+ Qxd5 38. Rxd5 Kf7 39. Rb5 Rxd6 40. Bxd6 Bxb5 41. Bc7 Bc4 42. Bxb6 Bxa2 43. Bxa5 b3 44. Kf2 Ke6 45. Ke3 Kd5 46. Kd3 Kc5 47. Kc3 Kb5 48. Bb4 Kc6 49. Bf8 Kd5 50. Bxg7 f5 51. Bh6 Ke4 52. g3 Kf3 53.
Bf4 Kg4 54. h4 h5 55. Rxb3 Bxb3 56. Kxb3 Kf3 57. Kc3 Kg4 58. Kd3 Kf3 59. Kd4 Kg4 60. Ke5 Kh3 61. Kxf5 Kg2 62. Kg5 Kh3 63. Kxh5 Kg2 64.
Kg5 Kh3 65. h5 Kg2 66. h6 Kh3 67. h7 Kg2 68. h8=Q Kg1 69. g4 Kf2 70. Kf5 Kg1 71. g5 Kg2 72. g6 Kg1 73. g7 Kf2 74. g8=Q Kf1 75. Qh3+ Ke2 76. Qgg2+ Kd1 77. Qhh1# 1-0

[Event "*** SCC Grand Prix: Titled Tuesday Blitz"]
[Site "Chess.com"]
[Date "2020.07.21"]
[Round "5"]
[White "SCIM"]
[Black "Supernotar"]
[Result "1-0"]
[WhiteElo "2577"]
[BlackElo "2726"]
[TimeControl "180+1"]
[EndTime "10:56:13 PDT"]
[Termination "SCIM won on time"]

1. d4 d5 2. c4 dxc4 3. e4 Nf6 4.
e5 Nd5 5. Bxc4 Nb6 6. Bb3 Nc6 7.
Ne2 Bf5 8. Nbc3 e6 9. O-O Be7 10. Be3 Nb4 11. Ng3 Bg6 12. Nge4 N4d5 13. Rc1 O-O 14.
Nxd5 Nxd5 15. Nc5 b6 16. Nd3 Nxe3 17. fxe3 c5 18. Nf4 cxd4 19. exd4 Bg5 20. Nxg6 hxg6 21.
Rc3 Qd7 22. Rd3 Rad8 23. d5 exd5 24. Rxd5 Qe7 25. Rxd8 Rxd8 26. Qg4 Rf8 27. e6 Be3+ 28. Kh1 fxe6 29. Qxe6+ Kh7 30. Rxf8 Qxf8 31. Qxe3 Qf1+ 32.
Qg1 Qe2 33. Qb1 a5 34. h3 Kh6 35. Qc1+ Kh7 36. Bc2 b5 37. Qd1 Qe5 38. Qd3 Qe1+ 39. Kh2 Qe5+ 40. Qg3 Qf6 41. b3 b4 42. Bd3 Kh6 43.
Qe3+ g5 44. Qe4 Qd6+ 45. g3 g6 46. Kg2 Qf6 47. Qe2 Qc6+ 48. Be4 Qc5 49. Bf3 Qd4 50. Qc2 Qe3 51. Qf2 Qc3 52. h4 gxh4 53. gxh4 Kg7 54. Qa7+ 1-0

[Event "*** SCC Grand Prix: Titled Tuesday Blitz"]
[Site "Chess.com"]
[Date "2020.07.21"]
[Round "5"]
[White "Bigfish1995"]
[Black "dretch"]
[Result "1-0"]
[WhiteElo "3030"]
[BlackElo "2831"]
[TimeControl "180+1"]
[EndTime "10:56:14 PDT"]
[Termination "Bigfish1995 won by checkmate"]

1. d4 d5 2. c4 c6 3. Nf3 Nf6 4. Qb3 dxc4 5. Qxc4 Bf5 6. g3 Nbd7 7. Bg2 e6 8. O-O Bd6 9. Nc3 O-O 10. Bd2 e5 11. dxe5 Nxe5 12. Nxe5 Bxe5 13. Bf4 Be6 14. Qa4 b5 15.
Qa6 Bxf4 16. gxf4 b4 17. Na4 Bd5 18. Rad1 Qe7 19. e4 Nxe4 20. Rde1 Nc5 21. Rxe7 Nxa6 22.
Bxd5 cxd5 23. Rc1 d4 24. Rc6 Nb8 25. Rd6 a5 26. Nc5 a4 27. Rb7 b3 28. a3 Ra5 29.
Nd3 g6 30. Ne5 Na6 31. Nc6 Rh5 32. Ne7+ Kg7 33. Rxa6 Re8 34. Rd6 Rh4 35. Rxd4 Kf8 36. Nd5 Rd8 37. Rbb4 Rh5 38. Ne3 Rc8 39. Rbc4 Rb8 40.
Rxa4 Rc5 41. Rab4 Rxb4 42. Rxb4 Rc1+ 43. Kg2 h5 44. Rxb3 h4 45. h3 Kg7 46. a4 Kh6 47. a5 g5 48. fxg5+ Kxg5 49. a6 Rc7 50. Rb7 Rc6 51.
Rb5+ f5 52. Ra5 Kf4 53. a7 Rg6+ 54. Kf1 Rc6 55. Rxf5+ Ke4 56. a8=Q Kd4 57. Rd5+ Ke4 58. Qe8+ Kf4 59. Rf5# 1-0

[Event "*** SCC Grand Prix: Titled Tuesday Blitz"]
[Site "Chess.com"]
[Date "2020.07.21"]
[Round "5"]
[White "dopolian"]
[Black "Gloomy_Wanderer"]
[Result "0-1"]
[WhiteElo "2429"]
[BlackElo "2694"]
[TimeControl "180+1"]
[EndTime "10:56:14 PDT"]
[Termination "Gloomy_Wanderer won on time"]

1. e4 c5 2. Nf3 a6 3. c4 Nc6 4. d4 cxd4 5. Nxd4 e5 6. Nc2 Bc5 7.
Nc3 Nf6 8. Be3 Bxe3 9. Nxe3 d6 10. Be2 Be6 11. O-O O-O 12. Rc1 Rc8 13. b3 Nd4 14. Nc2 Nc6 15. Qd2 Qa5 16. Rfd1 Rfd8 17. f3 h6 18. Kf2 Kf8 19. Na4 Qxd2 20. Rxd2 Rb8 21. Nb6 Nd7 22. Nxd7+ Rxd7 23. Rcd1 Ke7 24. g3 g6 25. f4 exf4 26. gxf4 f6 27. Ne3 g5 28. f5 Bg8 29. c5 Rbd8 30. cxd6+ Rxd6 31. Rxd6 Rxd6 32. Rxd6 Kxd6 33. Bc4 Bxc4 34. Nxc4+ Kc5 35. Ke3 b5 36. Nd2 Ne5 37. h3 h5 38. a3 a5 39. Nb1 b4 40.
axb4+ axb4 41. Nd2 Kd6 42. Nf1 Nd7 43. Ng3 Nc5 44.
Nxh5 Ke5 45. Ng3 Nxb3 46. Ne2 Nc5 47. Nd4 Nxe4 48. Nc6+ Kxf5 49. Ne7+ Ke6 50. Nc6 f5 51.
Nxb4 Nf6 52. Nd3 Nd5+ 53. Kf3 Ne7 54. Nf2 Ng6 55. Nd3 Kd5 56. Nf2 Kd4 57. Nh1 Nh4+ 58.
Kg3 Ke3 0-1

[Event "*** SCC Grand Prix: Titled Tuesday Blitz"]
[Site "Chess.com"]
[Date "2020.07.21"]
[Round "5"]
[White "PlotnikovPavel"]
[Black "anpospan"]
[Result "1-0"]
[WhiteElo "2464"]
[BlackElo "2282"]
[TimeControl "180+1"]
[EndTime "10:56:14 PDT"]
[Termination "PlotnikovPavel won by resignation"]

1. e4 Nc6 2. d4 e5 3. d5 Nce7 4. Nf3 Ng6 5. h4 h5 6. Bg5 f6 7. Be3 Nh6 8. Bxh6 Rxh6 9. Be2 Bc5 10. g3 Ne7 11. Nbd2 d6 12. Nb3 Bb6 13. Nfd2 g6 14.
a4 a6 15. Nc4 Ba7 16. Qd2 Rh7 17. f4 Bg4 18. fxe5 fxe5 19. Bxg4 hxg4 20. Qg5 Qd7 21. Rf1 O-O-O 22. Kd2 Rhh8 23. Rf7 Rde8 24. Ne3 Bxe3+ 25. Kxe3 Kb8 26. Raf1 Qxa4 27. Rxe7 Qc4 28. Rxe8+ Rxe8 29. Rf2 a5 30. Qxg6 Rc8 31. Qxg4 a4 32. Nd2 Qxc2 33. Qe2 Qxb2 34. Nc4 Qb4 35. h5 Qc3+ 36. Qd3 Qe1+ 37. Re2 Qxg3+ 38. Kd2 Qg5+ 39. Kc3 Qxh5 40. Rb2 Qh1 41. Qb1 Qf3+ 42. Kb4 Rh8 43. Kxa4 Kc8 44.
Rxb7 Kd7 45. Qb5+ Ke7 46. Rxc7+ Kf6 47. Qc6 Qd1+ 48. Kb5 Qb3+ 49. Ka6 Qa2+ 50. Na5 Qe2+ 51. Kb7 Qb2+ 52. Qb6 Rb8+ 53. Kxb8 Qxb6+ 54. Nb7 Qd4 55. Nxd6 Qb4+ 56. Nb7 Qxe4 57. d6 Qa4 58. d7 Qd4 59.
d8=Q+ 1-0

[Event "*** SCC Grand Prix: Titled Tuesday Blitz"]
[Site "Chess.com"]
[Date "2020.07.21"]
[Round "5"]
[White "FloMaster111"]
[Black "RenarddesSurfaces"]
[Result "1/2-1/2"]
[WhiteElo "2276"]
[BlackElo "2404"]
[TimeControl "180+1"]
[EndTime "10:56:15 PDT"]
[Termination "Game drawn by repetition"]

1. d4 d5 2. Nf3 Nf6 3. c4 dxc4 4.
e3 e6 5. Bxc4 a6 6. O-O c5 7.
dxc5 Qxd1 8. Rxd1 Bxc5 9. a3 b5 10. Be2 Bb7 11. b4 Be7 12. Bb2 O-O 13. Nbd2 Bd5 14.
Rac1 Rd8 15. h3 Nbd7 16. Nd4 Rac8 17. N2b3 g6 18. Na5 Nb8 19. Bf3 Bxf3 20. gxf3 Kf8 21.
Kg2 Ke8 22. f4 Nd5 23. Kf3 Nb6 24. Ke2 Rxc1 25. Rxc1 Rc8 26. Rd1 Na4 27. Ba1 Nc3+ 28. Bxc3 Rxc3 29. Rd3 Rxd3 30. Kxd3 Bf6 31. e4 Kd7 32. e5 Be7 33. Ndb3 Kc7 34. f3 Nc6 35. Nxc6 Kxc6 36. Nd4+ Kd5 37. Nc2 Bh4 38. Ne3+ Kc6 39. Ke4 Be7 40. Nc2 Kb6 41. Kd4 a5 42. Kc3 a4 43.
Kd4 Bh4 44. Ke4 Bf2 45. Kd3 Bg3 46. Ke4 Bf2 47. Kd3 Kc6 48. Ke4 Bg3 49. Nd4+ Kb6 50. Nc2 Bf2 1/2-1/2

[Event "*** SCC Grand Prix: Titled Tuesday Blitz"]
[Site "Chess.com"]
[Date "2020.07.21"]
[Round "5"]
[White "HouseOfDurin"]
[Black "tufferguy"]
[Result "0-1"]
[WhiteElo "2055"]
[BlackElo "2309"]
[TimeControl "180+1"]
[EndTime "10:56:15 PDT"]
[Termination "tufferguy won by resignation"]

1. d4 d5 2. Bg5 h6 3. Bh4 c5 4. c3 Nc6 5. e3 Nf6 6. Bxf6 exf6 7. a3 Qb6 8. Qd2 cxd4 9. exd4 Bd6 10. Nf3 O-O 11.
Be2 Bf5 12. O-O Na5 13. Bd1 Nc4 14. Qc1 Qxb2 15. Qxb2 Nxb2 16. Bb3 Nc4 17. Bxc4 dxc4 18. Nbd2 Bd3 19. Rfd1 Rfe8 20. Ne1 Be2 21. Rdb1 b6 22. a4 Bf4 23. Ndf3 g5 24. h3 Rab8 25. Rb5 a6 26.
Rf5 Kg7 27. g4 Rbc8 28. Rb1 Bd3 29. Nxd3 cxd3 30. Rxb6 Re6 31. Rb2 Rxc3 32. Rc5 Rxc5 33. dxc5 Rc6 34. Rb3 d2 35. Rd3 Rxc5 36. Nxd2 Rc1+ 37.
Kg2 Rd1 38. Rb3 Rxd2 39. Rb6 Rd6 40. Rb4 a5 41. Rb5 Bd2 42. h4 Bb4 43. hxg5 hxg5 44.
Kg3 Rd3+ 45. Kg2 Bc3 46. Rf5 Bb4 47. Rb5 Ra3 48. Rf5 Rxa4 49. Rb5 Ra3 50. Rb7 Rb3 51. Ra7 Rb2 52. Ra6 Bc5 53. Kf3 Bxf2 54. Ke4 Bc5 55. Kd3 Bb4 56. Kc4 Rb3 57. Rc6 Rc3+ 58.
Kb5 Rxc6 59. Kxc6 a4 60. Kb5 a3 61. Kxb4 a2 62. Kb3 a1=Q 63. Kc2 Qe5 64. Kb3 Kf8 65. Kc4 Ke7 66. Kd3 Kd6 67. Kc2 Kc5 68. Kd3 Qd4+ 69.
Kc2 Kc4 70. Kb1 Qd2 71. Ka1 Kb3 0-1

[Event "*** SCC Grand Prix: Titled Tuesday Blitz"]
[Site "Chess.com"]
[Date "2020.07.21"]
[Round "5"]
[White "Antipov_Mikhail_Al"]
[Black "Hikaru"]
[Result "0-1"]
[WhiteElo "2851"]
[BlackElo "3265"]
[TimeControl "180+1"]
[EndTime "10:56:16 PDT"]
[Termination "Hikaru won on time"]

1. e4 e5 2. Nf3 Nc6 3. Bc4 Bc5 4.
O-O Nf6 5. d3 d6 6. c3 h6 7. Re1 O-O 8. h3 a5 9. Nbd2 Be6 10.
Bb5 Ne7 11. d4 exd4 12. cxd4 Ba7 13. Bd3 Nc6 14. d5 Nb4 15. Bf1 Bd7 16. a3 Na6 17. Bxa6 bxa6 18. Nf1 Re8 19. Ng3 c6 20. dxc6 Bxc6 21.
Qd3 Bb5 22. Qb1 Rc8 23. Be3 Bxe3 24. Rxe3 a4 25. Qd1 Qb6 26. Nd4 Rcd8 27. Ndf5 d5 28.
exd5 Nxd5 29. Rxe8+ Bxe8 30. Qg4 Qg6 31. Rd1 Qxg4 32.
hxg4 Kf8 33. Ne3 Bc6 34. Ne4 Ke8 35. Nc5 Nxe3 36. Re1 Kf8 37. Rxe3 Rd1+ 38. Kh2 Rd2 39. f3 Rxb2 40. Rc3 Bb5 41. Kg3 Bf1 42. Kf4 Bxg2 43.
Nxa4 g5+ 44. Kg3 Rd2 45. Nc5 Bf1 46. Ne4 Rg2+ 47. Kh3 Kg7 48. a4 Ra2+ 49. Kg3 Rxa4 50. Nd6 Bb5 51. Nf5+ Kg6 52. Rc8 Bd7 53. Rg8+ Kf6 54.
Nxh6 Ra3 55. Rd8 Be6 56. Ra8 Bd5 0-1

[Event "*** SCC Grand Prix: Titled Tuesday Blitz"]
[Site "Chess.com"]
[Date "2020.07.21"]
[Round "5"]
[White "novocane"]
[Black "13MiRacLe"]
[Result "0-1"]
[WhiteElo "2262"]
[BlackElo "2633"]
[TimeControl "180+1"]
[EndTime "10:56:16 PDT"]
[Termination "13MiRacLe won on time"]

1. d4 Nf6 2. c4 g6 3. Nc3 d5 4. cxd5 Nxd5 5. e4 Nxc3 6. bxc3 Bg7 7. Qa4+ Qd7 8. Qa3 b6 9. Nf3 c5 10. Be3 Bb7 11. Bd3 O-O 12. O-O cxd4 13. cxd4 Nc6 14. Bb5 a6 15. Bxc6 Qxc6 16. d5 Qc4 17. Nd2 Qc7 18.
Rfc1 Qd8 19. Rab1 b5 20. Nb3 f5 21. Nc5 Bc8 22. f3 fxe4 23. fxe4 Qd6 24. Qd3 Be5 25.
h3 Bd7 26. Nxd7 Qxd7 27. Rc6 Rf6 28. Rbc1 Raf8 29. Bd4 Bxd4+ 30. Qxd4 Qd8 31. Rxf6 Rxf6 32. Rf1 Qd6 33. e5 Rxf1+ 34. Kxf1 Qa3 35. d6 exd6 36. exd6 Qc1+ 37. Ke2 Qc2+ 38. Kf3 Qf5+ 39. Ke2 Qe6+ 40. Kf1 Qf5+ 41. Kg1 Qd7 42. Qd5+ Kf8 43. Qe5 Kf7 44.
Kh1 Qe6 45. Qc5 Qd7 46. Qc7 Ke6 0-1

[Event "*** SCC Grand Prix: Titled Tuesday Blitz"]
[Site "Chess.com"]
[Date "2020.07.21"]
[Round "5"]
[White "BabyBoss31"]
[Black "ChelsieMonica"]
[Result "1-0"]
[WhiteElo "2198"]
[BlackElo "2374"]
[TimeControl "180+1"]
[EndTime "10:56:16 PDT"]
[Termination "BabyBoss31 won by resignation"]

1. d4 Nf6 2. c4 e6 3. Nf3 b6 4.
a3 Be7 5. Nc3 Bb7 6. d5 O-O 7.
e4 exd5 8. cxd5 d6 9. Bf4 Nbd7 10. Bd3 Re8 11. O-O Nh5 12. Be3 g6 13. Rc1 Ne5 14. Nd4 Nxd3 15. Qxd3 Nf6 16. f4 Nd7 17. b4 Bf6 18. Nc6 Bxc6 19. dxc6 Nf8 20. Nd5 Bg7 21. b5 Ne6 22. f5 Nc5 23. Bxc5 dxc5 24. f6 Bh6 25. Rc4 Kh8 26. Qh3 Bf8 27. Rf4 Kg8 28.
Rh4 h5 29. g4 Rxe4 30. Rxe4 Qxd5 31. gxh5 g5 32. Rhg4 Rd8 33. Qg2 Bh6 34. h4 Qd1+ 35.
Qf1 Qc2 36. hxg5 Rd1 37. gxh6+ Kh7 38. Re1 Rd4 39. Rxd4 cxd4 40. Qe2 Qc5 41. Qe4+ Kxh6 42. Qf4+ Kh7 43. Qe4+ Kh6 44. Qd3 Qg5+ 45. Kf1 Qf4+ 46.
Ke2 Qh2+ 47. Kd1 Qxh5+ 48. Kc2 Qc5+ 49. Kb2 Qd5 50. Qh3+ Kg6 51. Qg4+ Kxf6 52. Qf4+ Kg7 53. Rg1+ Kf8 54. Qh6+ Ke7 55. Qg5+ Qxg5 56. Rxg5 Kd6 57. Kc2 a5 58. Kd3 f6 59. Rh5 Ke6 60. Kxd4 Kd6 61. Rh6 1-0